AoeStats
← -Hopser-

Arabia

505311310Analyzed
2v2 RM · 22d ago on Sep 8, 2026· 42m 8s· 4 players
Game mode
Random Map
Map size
Medium (4 player)
Population
200
Speed
Normal
Resources
Standard
Victory
Conquest
Starting age
Dark Age
Ending age
Imperial Age
RankedLock teamsTeams togetherTeam positionsShared explorationLock speedFull tech treeHidden civsTurbo modeCheats
Victory
Defeat
🇩🇪 Romans · Germany
1090
+13
🇩🇪 Khmer · Germany
1065
+14
🇬🇷 Lithuanians · Greece
1049
-14
🇧🇷 Muisca · Brazil
1014
-13
aLaNi
5:14 Loom
11:37 Feudal Age
17:19 Castle Age
16:04 Horse Collar
16:45 Double-Bit Axe
18:35 Bloodlines
19:22 Scale Barding Armor
21:13 Husbandry
20:58 Pikeman
23:06 Wheelbarrow
22:56 Town Watch
29:58 Forging
30:09 Chain Barding Armor
31:31 Iron Casting
36:14 Hand Cart
36:08 Scale Mail Armor
38:54 Chain Mail Armor
Lord Tiquira
5:13 Loom
6:44 Loom
10:21 Feudal Age
10:50 Double-Bit Axe
20:00 Fletching
24:17 Castle Age
23:25 Padded Archer Armor
24:34 Crossbowman
25:47 Bow Saw
25:18 Horse Collar
26:28 Bodkin Arrow
27:20 Thumb Ring
27:56 Heavy Plow
30:46 Gold Mining
35:01 Pikeman
35:42 Squires
35:44 Scale Mail Armor
35:57 Forging
38:05 Leather Archer Armor
43:05 Imperial Age
41:15 Wheelbarrow
40:30 Town Watch
Schuppa
9:34 Feudal Age
9:10 Loom
16:28 Castle Age
14:49 Double-Bit Axe
16:32 Horse Collar
18:25 Bow Saw
21:28 Heavy Plow
23:26 Gold Mining
23:26 Stone Mining
24:42 Forging
24:38 Scale Barding Armor
26:00 Iron Casting
25:47 Bloodlines
25:38 Husbandry
26:52 Chain Barding Armor
27:48 Fletching
31:25 Wheelbarrow
30:35 Town Watch
37:30 Imperial Age
35:54 Hand Cart
35:36 Bodkin Arrow
40:13 Plate Barding Armor
40:38 Blast Furnace
39:01 Cavalier
39:54 Elite Ballista Elephant
40:55 Conscription
41:40 Coinage
41:59 Crop Rotation
-Hopser-
9:03 Loom
10:50 Feudal Age
15:49 Castle Age
25:41 Horse Collar
26:34 Bloodlines
28:12 Husbandry
29:45 Wheelbarrow
28:56 Town Watch
30:41 Pikeman
31:21 Squires
36:43 Imperial Age
36:20 Fletching
36:18 Double-Bit Axe
36:49 Forging
Connection lost

Rejoining the realm…

Still unreachable

The connection could not be restored.

Session expired

The server has moved on; the page needs a fresh start.